Map: Proxima Station LE

Players

MrHyde

  • Race: Zerg Zerg
  • League: Diamond
  • Spawn Location: 1:00

Treetop - Winner!

  • Race: Zerg Zerg
  • League: Diamond
  • Spawn Location: 7:00

VOD

Have the link to the VOD?

Description

Time

  • Played on: July 27, 2017, 12:08 a.m.
  • Length: 10:44
Show
View Real Time Build Order
Export as new Build Order

MrHyde Zerg 

Build Orders: Pool First, Zergling Baneling 

Get SALT Encoding   

  12  0:05  Drone  
  13  0:12  Overlord  
  13  0:17  Drone  
  14  0:31  Drone x2  
  16  0:37  Drone  
  17  0:46  Spawning Pool  
  16  0:50  Drone  
  16  0:52  Extractor  
  16  0:59  Drone  
  17  1:20  Hatchery  
  16  1:33  Zergling x6  
  19  1:48  Queen  
  19  1:52  Metabolic Boost  
  21  1:56  Drone  
  22  2:11  Evolution Chamber  
  22  2:12  Drone  
  22  2:25  Baneling Nest, Drone  
  22  2:35  Queen  
  22  2:36  Drone  
  25  2:51  Zerg Melee Weapons Level 1, Overlord  
  25  2:54  Drone  
  26  3:01  Drone  
  27  3:18  Zergling x4  
  27  3:19  Zergling x6  
  32  3:20  Zergling x2  
  32  3:24  Drone  
  32  3:27  Drone  
  35  3:36  Zergling x2  
  35  3:40  Overlord  
  36  3:59  Drone x4  
  36  4:00  Drone x2  
  36  4:02  Drone  
  43  4:06  Overlord  
  43  4:17  Zergling x2  
  44  4:25  Overlord  
  44  4:26  Zergling x2  
  44  4:27  Baneling x5  
  44  4:28  Baneling x5  
  44  4:31  Zergling x2  
  46  4:36  Zergling x2  
  46  4:37  Zergling x4  
  49  4:39  Zergling x2  
  49  4:41  Zergling x2  
  51  4:48  Overlord  
  51  4:49  Zergling x2  
  51  5:03  Zergling x4  
  51  5:05  Zergling x4  
  51  5:06  Zergling x2  
  55  5:10  Burrow  
  52  5:22  Zergling x8  
  52  5:23  Zergling x4  
  55  5:32  Zergling x2  
  55  5:34  Zergling x6  
  48  5:37  Zergling x2  
  49  5:45  Zergling x2  
  49  5:49  Zergling x2  
  50  5:50  Baneling x2  
  50  5:51  Baneling x3  
  50  5:55  Zergling x2  
  50  6:01  Zergling x2  
  51  6:04  Zergling x2  
  51  6:08  Zergling x2  
  53  6:20  Hatchery  
  53  6:21  Zergling x4  
  53  6:24  Zergling x6  
  53  6:28  Zergling x4  
  53  6:29  Zergling x4  
  49  6:33  Zergling x2  
  49  6:39  Baneling x2  
  50  6:40  Baneling x4  
  50  6:41  Zergling x2  
  50  6:44  Zergling x2  
  52  6:49  Zergling x2  
  53  7:00  Zergling x4  
  51  7:04  Zergling x6  
  51  7:05  Zergling x2  
  51  7:06  Baneling x3  
  51  7:08  Zergling x2  
  56  7:12  Zergling x2  
  57  7:20  Zergling x2  
  57  7:22  Baneling  
  57  7:23  Zergling x6  
  57  7:24  Zergling x8  
  64  7:30  Baneling  
  64  7:35  Zergling x6  
  67  7:41  Baneling  
  65  7:46  Zergling x6  
  65  7:49  Zergling x2  
  65  7:50  Zergling x4  
  65  7:55  Zergling x6  
  58  7:58  Zergling x4  
  58  8:01  Zergling x2  
  58  8:05  Zergling x2  
  59  8:07  Zergling x2  
  59  8:12  Zergling x2  
  57  8:16  Zergling x2  
  57  8:18  Zergling x4  
  57  8:19  Zergling x2  
  56  8:22  Zergling x4  
  56  8:23  Zergling x2  
  56  8:25  Zergling x2  
  55  8:29  Drone x2  
  55  8:30  Spore Crawler  
  55  8:31  Spore Crawler  
  54  8:35  Zergling x2  
  54  8:37  Zergling x2  
  54  8:43  Zergling x2  
  54  8:46  Spine Crawler, Zergling x2  
  54  8:47  Zergling x6  
  54  8:50  Zergling x4  
  54  8:54  Zergling x2  
  54  8:56  Zergling x2  
  54  8:59  Zergling x2  
  54  9:01  Zergling x2  
  48  9:03  Zergling x2  
  48  9:06  Zergling x2  
  48  9:09  Zergling x2  
  46  9:10  Zergling x2  
  46  9:14  Zergling x2  
  48  9:17  Zergling x2  
  48  9:19  Zergling x4  
  48  9:21  Zergling x2  
  53  9:24  Zergling x2  
  53  9:27  Zergling x2  
  53  9:28  Zergling x2  
  54  9:34  Zergling x6  
  54  9:36  Zergling x2  
  53  9:39  Zergling x2  
  53  9:43  Zergling x2  
  51  9:54  Zergling x10  
  51  9:55  Zergling x6  
  51  10:05  Zergling x4  
  51  10:06  Zergling x2  
  43  10:12  Zergling x4  
  41  10:24  Zergling x2  
Show
View Real Time Build Order
Export as new Build Order

Treetop Zerg - Winner!

Build Orders: Hatch First 

Get SALT Encoding   

  12  0:01  Drone  
  13  0:13  Overlord  
  13  0:18  Drone  
  14  0:32  Drone x2  
  14  0:35  Drone  
  17  0:55  Drone  
  17  0:56  Hatchery  
  17  0:58  Drone  
  17  1:01  Extractor  
  17  1:14  Spawning Pool  
  17  1:17  Drone  
  17  1:20  Drone  
  18  1:28  Drone  
  19  1:40  Overlord  
  19  2:01  Queen, Zergling x4  
  19  2:02  Metabolic Boost  
  19  2:07  Queen  
  25  2:09  Drone  
  25  2:11  Drone  
  27  2:19  Zergling x2  
  28  2:23  Zergling x2  
  28  2:26  Spine Crawler  
  28  2:29  Zergling x2  
  29  2:37  Baneling Nest  
  28  2:50  Drone x3  
  31  3:01  Queen  
  33  3:10  Drone  
  33  3:11  Drone x2  
  33  3:12  Overlord  
  36  3:31  Drone x6  
  42  3:37  Overlord  
  42  3:38  Drone  
  43  3:43  Baneling x3  
  43  3:45  Zergling x2  
  43  3:49  Overlord  
  43  3:58  Zergling x6  
  43  3:59  Zergling x2  
  44  4:04  Evolution Chamber  
  44  4:07  Baneling x2  
  44  4:08  Zergling x4  
  44  4:09  Zergling x2  
  46  4:14  Queen  
  48  4:19  Baneling x2  
  48  4:31  Hatchery  
  47  4:34  Zerg Ground Armor Level 1  
  47  4:37  Drone  
  48  4:39  Drone  
  48  4:42  Drone x2  
  51  5:00  Baneling x2  
  51  5:01  Baneling  
  51  5:04  Evolution Chamber  
  51  5:06  Roach Warren  
  49  5:22  Drone x3  
  49  5:24  Extractor  
  51  5:32  Drone x5  
  50  5:39  Lair, Extractor  
  50  5:41  Drone x3  
  50  5:42  Queen, Drone  
  53  5:43  Extractor  
  53  5:53  Evolution Chamber  
  53  5:54  Spine Crawler, Drone x2  
  52  6:04  Roach x4  
  58  6:08  Roach  
  58  6:09  Drone x3  
  65  6:16  Baneling  
  65  6:17  Baneling x2  
  64  6:34  Drone x2  
  64  6:37  Overlord x3  
  64  6:38  Extractor, Drone  
  66  6:40  Extractor  
  66  6:43  Spire  
  64  6:47  Evolution Chamber  
  64  6:51  Roach, Overlord  
  64  6:52  Drone x3  
  64  7:01  Drone x2  
  64  7:02  Drone  
  64  7:07  Roach x4  
  64  7:08  Roach x2  
  79  7:09  Ravager  
  79  7:15  Drone x3  
  82  7:17  Drone  
  82  7:18  Drone  
  82  7:22  Queen  
  84  7:27  Roach x2  
  90  7:39  Baneling  
  90  8:01  Mutalisk x4  
  90  8:05  Overlord x3  
  94  8:06  Overlord  
  94  8:08  Queen  
  84  8:20  Mutalisk x2, Queen  
  84  8:21  Mutalisk x2  
  91  8:30  Zerg Missile Weapons Level 1  
  91  8:36  Mutalisk x3  
  97  8:43  Queen  
  92  8:57  Mutalisk x4  
  99  9:15  Drone  
  99  9:16  Drone x3  
  103  9:20  Drone x2  
  105  9:42  Evolution Chamber, Zergling x10  
  105  9:43  Zergling x2  
  110  9:51  Evolution Chamber x2  
  108  10:00  Zergling x12  
  108  10:01  Zergling x2  
  113  10:15  Zergling x10  
  113  10:16  Zergling x6  
  121  10:25  Drone x2  
Tags
 
Add a new tag
Caveats
  • Supply blocks, unpowered buildings, or Contaminate may cause inaccurate times.
  • Supply counts are checked every 10 seconds.